 Dungeon Crawl Stone Soup version 0.30-a0-476-g330ca2eb8e (webtiles) character file.

Game seed: 15527868011257213200

3535 avis the Tainter (level 10, -18/94 (96) HPs)
             Began as a Naga Venom Mage on Dec 22, 2022.
             Demolished by Gastronok (21 damage)
             ... on level 8 of the Dungeon.
             The game lasted 01:44:17 (9843 turns).

avis the Tainter (Naga Venom Mage)                  Turns: 9843, Time: 01:44:18

HP:   -18/94 (96)   AC:  7    Str: 10    XL:     10   Next: 8%
MP:   9/16          EV: 13    Int: 20    God:
Gold: 390           SH:  8    Dex: 12    Spells: 4/17 levels left

rFire   . . .      SeeInvis +    a - staff of air
rCold   . . .      Faith    .    G - +0 kite shield
rNeg    . . .      Spirit   .    q - +0 steam dragon scales
rPois   +          Reflect  .    (no helmet)
rElec   +          Harm     .    M - +1 cloak
rCorr   .          Rampage  .    (no gloves)
Will    +....                    (no barding)
Stlth   ++++......               B - amulet of magic regeneration
HPRegen 0.35/turn                r - ring of wizardry
MPRegen 0.55/turn                A - +4 ring of evasion

@: brilliant, very slightly contaminated, slowed, studying Shields, lightly
drained, very slow
A: AC +3, large, see invisible, deformed body, poison resistance, slowness 2,
spit poison 1, naga tail 1
a: Spit Poison


You were on level 8 of the Dungeon.
You visited 2 branches of the dungeon, and saw 9 of its levels.

You collected 404 gold pieces.
You spent 14 gold pieces at shops.

Inventory:

Hand Weapons
 b - a +4 short sword of electrocution
 c - a +2 dagger of electrocution
 d - a +0 dagger of holy wrath
 p - a +0 broad axe
 w - a +2 dagger of venom
 F - a +1 vampiric dagger
 L - a +2 quarterstaff of chaos
Missiles
 g - 20 poisoned darts
 y - 3 curare-tipped darts
Armour
 q - +0 steam dragon scales (worn)
 G - a +0 kite shield (worn)
 M - a +1 cloak (worn)
Magical Staves
 a - a staff of air (weapon)
Jewellery
 r - a ring of wizardry (left hand)
 A - a +4 ring of evasion (right hand)
 B - an amulet of magic regeneration (around neck)
 H - a +6 ring of intelligence
Wands
 I - a wand of polymorph (2)
 J - a wand of iceblast (11)
Scrolls
 e - a scroll of acquirement {unknown}
 f - a scroll of summoning {unknown}
 h - 6 scrolls of teleportation {unknown}
 i - a scroll of poison {unknown}
 j - 2 scrolls of fog {unknown}
 l - a scroll of torment {unknown}
 m - a scroll of brand weapon {unknown}
 n - 2 scrolls of fear {unknown}
 u - a scroll of immolation {unknown}
 z - a scroll of magic mapping {unknown}
 C - a scroll of vulnerability {unknown}
 D - a scroll of amnesia {unknown}
 E - a scroll of identify
Potions
 k - 3 potions of brilliance
 o - 4 potions of curing
 t - a potion of flight
 x - a potion of haste


   Skills:
 - Level 8.0 Fighting
 - Level 4.0 Dodging
 - Level 8.0 Stealth
 - Level 4.0 Shields
 - Level 4.0 Spellcasting
 - Level 4.0 Conjurations
 - Level 1.0 Transmutations
 - Level 4.0 Air Magic
 * Level 8.3 Poison Magic


You had 4 spell levels left.
You knew the following spells:

 Your Spells              Type           Power      Damage    Failure   Level
a - Sting                 Tmut/Pois      100%       1d8       1%          1
d - Vampiric Draining     Necr           6%         2d6       32%         3
i - Poisonous Vapours     Pois/Air       100%       N/A       1%          2
m - Mephitic Cloud        Conj/Pois/Air  55%        N/A       4%          3
r - Olgreb's Toxic Radia  Pois           54%        N/A       4%          4

Your spell library contained the following spells:

 Spells                   Type           Power      Damage    Failure   Level
 Magic Dart               Conj           100%       1d8       2%          1
 Searing Ray              Conj           60%        2d6       3%          2
 Slow                     Hex            24%        N/A       12%         1
 Confusing Touch          Hex            6%         N/A       32%         3
 Gell's Gravitas          Tloc           6%         N/A       32%         3
 Lesser Beckoning         Tloc           12%        N/A       32%         3
 Teleport Other           Tloc           6%         N/A       32%         3
 Fulminant Prism          Conj/Hex       9%         3d7       43%         4


Dungeon Overview and Level Annotations

Branches:
Dungeon (8/15)             Temple (1/1) D:6
   Lair: D:8-11

Altars:
Ashenzari
Cheibriados
Dithmenos
Elyvilon
Fedhas
Gozag
Hepliaklqana
Makhleb
Nemelex Xobeh
Okawaru
Qazlal
Ru
Sif Muna
Uskayaw
Vehumet
Wu Jian
Xom
Yredelemnul
Zin
The Shining One

Shops:
D:4 [   D:6 !

Annotations:
D:8 Gastronok


Innate Abilities, Weirdness & Mutations

Your serpentine skin is tough. (AC +3)
You have supernaturally acute eyesight. (SInv)
Armour fits poorly on your strangely shaped body.
Your system is resistant to poisons. (rPois)
You cover ground very slowly.
You can spit poison.
You have a snake-like lower body.


Message History

You feel a surge of power!
You begin to radiate toxic energy.
Gastronok looks even sicker.
You kill the killer bee!
The killer bee is poisoned. x2; The sky beast looks even sicker.
The centaur is poisoned.
You kill the sky beast!
The centaur looks even sicker.
You block the water moccasin's attack. The water moccasin closely misses you.
Gastronok barely misses you.
Your life force feels restored.
Casting: Olgreb's Toxic Radiance (dangerous; 4% risk of failure)
Confirm with . or Enter, or press ? or * to list all spells.
Aiming: Vampiric Draining (dangerous; 32% risk of failure)
Press: ? - help, Shift-Dir - straight line, f/p - Gastronok
Aim: Gastronok, wearing the +3 hat of Pondering {ponderous, Will+ MP+10 Int+5} (heavily wounded, very poisoned)
You feel a surge of power!
You miscast Vampiric Draining.
You are very lightly contaminated with residual magic.
You feel very uncomfortable!
You feel drained.
* * * LOW HITPOINT WARNING * * *
Gastronok looks as sick as possible!
You kill the killer bee!
The killer bee is poisoned.
Your toxic aura wanes.
You kill the killer bee!
The water moccasin barely misses you. x2; Gastronok bites you!
* * * LOW HITPOINT WARNING * * *
Your life force feels restored.
Your Poison Magic skill increases to level 8!
Casting: Vampiric Draining (dangerous; 32% risk of failure)
Confirm with . or Enter, or press ? or * to list all spells.
Aiming: Vampiric Draining (dangerous; 32% risk of failure)
Press: ? - help, Shift-Dir - straight line, f/p - Gastronok
Aim: Gastronok, wearing the +3 hat of Pondering {ponderous, Will+ MP+10 Int+5} (heavily wounded, extremely poisoned)
You feel a surge of power!
You miscast Vampiric Draining.
You feel horribly lethargic.
You feel drained.
* * * LOW HITPOINT WARNING * * *
You kill the killer bee!
You kill the centaur!
The water moccasin bites you.
* * * LOW HITPOINT WARNING * * *
The water moccasin closely misses you. Gastronok bites you!!
You die...

#.# .# # #####.##
##.# .# .....c
..# .c#
#.#####..###.#
#.$##
............##
#.. .
######†####.###.#
.# #)# ##.#.###.
#S# ##.##.. #@#
#.##.# #w# #.##.#
#†######.##.#
#...........#
...########.#
##.# #.# .# #.#
.# #.# #.#


You could see Gastronok (extremely poisoned) and a water moccasin.

Vanquished Creatures
  Maggie (D:7)
  A komodo dragon (D:6)
  Sigmund (D:2)
  A steam dragon (D:8)
  Menkaure (D:7)
  A sky beast (D:8)
  Duvessa (D:7)
  2 black bears (D:4)
  3 ogres
  A centaur (D:8)
  A phantom (D:6)
  3 kobold brigands (D:5)
  3 bullfrogs
  2 necrophages
  4 scorpions
  Dowan (D:7)
  4 killer bees (D:8)
  5 howler monkeys
  2 jellies
  An orc priest (D:7)
  A hound (D:7)
  Crazy Yiuf (D:7)
  Jessica (D:3)
  3 iguanas
  4 orc wizards
  20 gnolls
  7 adders
  A shadow imp (D:6)
  2 white imps
  2 worms
  3 dart slugs
  14 orcs
  4 ball pythons
  6 endoplasms
  6 goblins
  12 hobgoblins
  5 quokkas
  4 bats (D:2)
  4 frilled lizards
  43 kobolds
  7 rats
189 creatures vanquished.

Notes
Turn   | Place    | Note
-------+----------+-------------------------------------------
     0 | D:1      | avis the Naga Venom Mage began the quest for the Orb.
     0 | D:1      | Reached XP level 1. HP: 15/15 MP: 3/3
   139 | D:1      | Reached XP level 2. HP: 22/22 MP: 5/5
   142 | D:1      | Learned a level 2 spell: Poisonous Vapours
   432 | D:1      | Reached skill level 5 in Poison Magic
   745 | D:1      | Reached XP level 3. HP: 28/28 MP: 3/6
   750 | D:1      | Learned a level 3 spell: Mephitic Cloud
  1490 | D:2      | Reached skill level 1 in Air Magic
  1564 | D:2      | Reached XP level 4. HP: 29/36 MP: 3/7
  1737 | D:2      | Noticed Sigmund
  1764 | D:2      | Killed Sigmund
  1765 | D:2      | Reached XP level 5. HP: 39/42 MP: 2/9
  1765 | D:2      | Reached XP level 6. HP: 46/49 MP: 2/10
  2370 | D:3      | Noticed Jessica
  2406 | D:3      | Killed Jessica
  2864 | D:3      | Reached skill level 1 in Fighting
  2903 | D:3      | Learned a level 4 spell: Olgreb's Toxic Radiance
  3272 | D:4      | Found Eczecan's Armour Emporium.
  3599 | D:4      | Reached skill level 1 in Conjurations
  3723 | D:4      | Reached XP level 7. HP: 60/60 MP: 7/11
  4135 | D:4      | You fall into a shaft and drop 2 floors!
  4286 | D:6      | Found a staircase to the Ecumenical Temple.
  4295 | Temple   | Entered the Ecumenical Temple
  4703 | D:5      | Entered Level 5 of the Dungeon
  4761 | D:5      | Reached XP level 8. HP: 69/69 MP: 11/14
  4788 | D:5      | Found a shadowy altar of Dithmenos.
  5270 | D:5      | Reached skill level 5 in Stealth
  5597 | D:5      | Reached skill level 5 in Fighting
  6843 | D:6      | Reached XP level 9. HP: 26/73 MP: 15/15
  7001 | D:6      | Noticed a komodo dragon
  7029 | D:6      | Killed a komodo dragon
  7316 | D:6      | Found Ynlayjut's Distillery.
  7324 | D:6      | Bought a potion of degeneration for 14 gold pieces
  7859 | Temple   | Learned a level 3 spell: Vampiric Draining
  7878 | D:7      | Noticed Maggie
  7892 | D:7      | Killed Maggie
  7902 | D:7      | Noticed Dowan
  7964 | D:7      | Killed Dowan
  8144 | D:7      | Noticed Duvessa
  8154 | D:7      | Killed Duvessa
  8442 | D:7      | Noticed Menkaure
  8467 | D:7      | Killed Menkaure
  8829 | D:7      | Found a runed translucent door.
  8830 | D:7      | Noticed Crazy Yiuf
  9243 | D:7      | Killed Crazy Yiuf
  9805 | D:8      | Noticed Gastronok
  9828 | D:8      | Reached XP level 10. HP: 85/94 MP: 11/16
  9843 | D:8      | HP: 3/94 [water moccasin (3)]
  9843 | D:8      | Demolished by Gastronok

Illustrated notes

Levels and vault maps discovered:
D:1:      amcnicky_arrival_abandoned_market, layout_basic
D:2:      layout_basic, serial_glass, glass_columns_a, glass_columns_a,
          uniq_sigmund
D:3:      layout_loops_ring, uniq_jessica
D:4:      layout_cave_pods, serial_shops, nicolae_stop_n_shop_1
D:5:      minmay_goblin_kobold_castle, layout_rooms, kennysheep_mini_moat
D:6:      layout_basic, minmay_temple_entry_stoned_glass, serial_shops, shop,
          minmay_manual_monolith
D:7:      layout_basic, uniq_crazy_yiuf_cottage, uniq_maggie, uniq_duvessa,
          uniq_menkaure
D:8:      layout_loops_ring, lemuel_zombie_altar_kikubaaqudgha,
          minmay_unpleasant_kobolds, uniq_gastronok, uniq_maurice
Temple:   nicolae_temple_bog_church

Skill      XL: |  1  2  3  4  5  6  7  8  9 10 |
---------------+-------------------------------+-----
Poison Magic   | 5 6 7 8 |  8.3
Air Magic      | 1 4 |  4.0
Spellcasting   | 3 4 |  4.0
Fighting       | 2 3 6 8 |  8.0
Stealth        | 4 5 8 |  8.0
Conjurations   | 2 3 4 |  4.0
Dodging        | 3 4 |  4.0
Shields        | 4 |  4.0
Transmutations | |  1.0

Action                   |  1- 3 |  4- 6 |  7- 9 | 10-12 || total
-------------------------+-------+-------+-------+-------++-------
Melee: Dagger            |    13 |       |   109 |       ||   122
       Staff             |       |     3 |    14 |       ||    17
       Punch             |       |       |     1 |       ||     1
       Short sword       |       |       |    19 |       ||    19
 Cast: Sting             |    33 |    28 |   121 |       ||   182
       Poisonous Vapours |    13 |    21 |    69 |       ||   103
       Mephitic Cloud    |       |     2 |    17 |     2 ||    21
       Olgreb's Toxic Ra |       |       |    18 |     1 ||    19
       Vampiric Draining |       |       |     7 |     4 ||    11
 Abil: Spit Poison       |    21 |    21 |    68 |       ||   110
  Use: Potion            |       |     1 |     3 |     2 ||     6
       Scroll            |       |       |     6 |       ||     6
 Stab: Sleeping          |     2 |       |       |       ||     2
       Confused          |       |     2 |       |       ||     2
Armor: Robe              |     4 |     1 |    20 |       ||    25
       Steam dragon scal |       |       |    12 |     3 ||    15
Dodge: Dodged            |     7 |     4 |    78 |    12 ||   101
Block: Kite shield       |       |       |    37 |     6 ||    43

Table legend: (Time is in decaauts)
 A = Elapsed time spent in this place.
 B = Non-inter-level travel time spent in this place.
 C = Inter-level travel time spent in this place.
 D = Time resting spent in this place.
 E = Time spent auto-exploring this place.
 F = Levels seen in this place.
 G = Mean time per level.
                   A        B        C        D        E       F      G
               +--------+--------+--------+--------+--------+-----+--------+
         Total |  12377 |  11082 |   1295 |   2425 |   5330 |   9 | 1375.2 |
       Dungeon |  12110 |  10822 |   1288 |   2425 |   5113 |   8 | 1513.8 |
        Temple |    267 |    260 |      7 |      0 |    217 |   1 |  267.0 |
               +--------+--------+--------+--------+--------+-----+--------+

Top non-repeatable levels by time:
     D:7: 2209 daAuts
     D:5: 2144 daAuts
     D:6: 1975 daAuts
     D:2: 1683 daAuts
     D:4: 1469 daAuts
     D:1: 1312 daAuts
     D:3: 1238 daAuts
  Temple: 267 daAuts
     D:8: 75 daAuts
